 Dungeon Crawl Stone Soup version 0.18.1-8-gdd0e5ea (webtiles) character file.

346106 nikopol the Phalangite (level 21, -4/291 HPs)
             Began as a Minotaur Berserker on June 12, 2016.
             Was the Champion of Trog.
             Shot with a bolt by a yaktaur captain (12 damage)
             ... on level 2 of the Vaults.
             The game lasted 03:44:09 (47408 turns).

nikopol the Phalangite (Minotaur Berserker)        Turns: 47408, Time: 03:44:10

Health: -4/291     AC: 44    Str: 35    XL:     21   Next: 18%
Magic:  17/17      EV: 19    Int:  4    God:    Trog [******]
Gold:   4545       SH:  7    Dex: 18    Spells: 0 memorised, 20 levels left

rFire  x . .     SeeInvis +     x - +12 spear of Distraction {drain, -Tele rN++ Dex+3}
rCold  + + .     Gourm    .     a - +8 plate armour of the Bagpipe {MR- rCorr SInv}
rNeg   + + +     Faith    .     (no shield)
rPois  .         Spirit   .     V - +5 hat of the Blacksmith {rF- rC++ rN+ Str+3}
rElec  .         Dismiss  .     C - +1 cloak
rCorr  +         Reflect  +     K - +1 pair of gloves {archery}
SustAt .         Harm     .     Z - +1 pair of boots
MR     +....     Clarity  +     t - +4 amulet of reflection
Stlth  .......... NoTele   +    e - +2 ring of protection
                                v - ring of protection from magic

@: berserking, lethally poisoned (-4 -> -4), very quick, somewhat resistant to
hostile enchantments, extremely unstealthy
A: retaliatory headbutt, horns 2, large bone plates 2, blurry vision 1, clarity,
clumsy 1, low mp 1, screaming 1, strong 1
a: Berserk, Trog's Hand, Brothers in Arms, Burn Spellbooks, Renounce Religion
}: 2/15 runes: decaying, gossamer


You were on level 2 of the Vaults.
You worshipped Trog.
Trog was exalted by your worship.
You were hungry.

You visited 7 branches of the dungeon, and saw 40 of its levels.
You also visited: Sewer and Volcano.

You collected 4867 gold pieces.
You spent 322 gold pieces at shops.

Inventory:

Hand Weapons
 c - a +7 longbow of velocity
 x - the +12 spear of Distraction (weapon) {drain, -Tele rN++ Dex+3}
   (You found it on level 6 of the Dungeon)

   A truly terrible weapon, it drains the life of those it strikes.
   It affects your dexterity (+3).
   It greatly protects you from negative energy.
   It prevents most forms of teleportation.
Missiles
 d - 1474 arrows (quivered)
Armour
 a - the +8 plate armour of the Bagpipe (worn) {MR- rCorr SInv}
   (You took it off a deep elf blademaster on level 3 of the Elven Halls)

   It affects your resistance to hostile enchantments.
   It lets you see invisible.
   It protects you from acid and corrosion.
 s - the +4 shield of Maeb {rElec rF+ Stlth-}
   (You took it off Donald on level 3 of the Swamp)

   It protects you from fire.
   It insulates you from electricity.
   It makes you less stealthy.
 C - a +1 cloak (worn)
 K - a +1 pair of gloves of archery (worn)
 M - the +2 hat "Toodghir" {+Inv rCorr MP+9 Stlth-}
   (You bought it in a shop on level 4 of the Dungeon)

   It affects your magic capacity (+9).
   It lets you turn invisible.
   It protects you from acid and corrosion.
   It makes you less stealthy.
 V - the +5 hat of the Blacksmith (worn) {rF- rC++ rN+ Str+3}
   (You acquired it on level 1 of the Spider Nest)

   It affects your strength (+3).
   It makes you vulnerable to fire.
   It greatly protects you from cold.
   It protects you from negative energy.
 Z - a +1 pair of boots (worn)
Jewellery
 e - a +2 ring of protection (right hand)
 k - the ring "Jaqi" {Fire rPois}
   (You took it off a deep elf elementalist on level 3 of the Elven Halls)

   [ring of fire]

   It enhances your fire magic, and weakens your ice magic.
   It protects you from fire.
   It makes you vulnerable to cold.
   It protects you from poison.
 t - a +4 amulet of reflection (around neck)
 v - a ring of protection from magic (left hand)
 L - an uncursed ring of resist corrosion
 R - an uncursed ring of protection from magic
 W - an uncursed amulet of the gourmand
Wands
 b - a wand of iceblast (6/15)
 w - a wand of confusion (30/48)
 P - a wand of paralysis (15/24)
 T - a wand of digging (15/24)
Scrolls
 j - 2 scrolls of blinking
 l - 25 scrolls of teleportation
 o - 2 scrolls of enchant armour
 y - 11 scrolls of remove curse
 F - 3 scrolls of fear
 G - 7 scrolls of recharging
 H - 5 scrolls of magic mapping
 S - 5 scrolls of identify
 U - 3 scrolls of brand weapon
 X - 4 scrolls of fog
Potions
 h - 4 potions of haste
 i - 2 potions of might
 m - 3 potions of invisibility
 p - 25 potions of curing
 r - 6 potions of brilliance
 z - 2 potions of cure mutation
 A - 5 potions of magic
 B - 6 potions of ambrosia
 D - 13 potions of heal wounds
 E - 4 potions of agility
 J - 2 potions of resistance
 N - a potion of cancellation {unknown}
 O - 8 potions of flight
Comestibles
 f - 7 slices of pizza
 g - 14 meat rations
 n - a beef jerky
 u - 16 fruits
 I - 14 bread rations
 Q - 28 royal jellies


   Skills:
 + Level 18.2 Fighting
 + Level 22.2 Polearms
 + Level 18.1 Bows
 + Level 18.4 Armour
 + Level 14.5 Dodging
 - Level 15.6 Shields


You had 20 spell levels left.
You didn't know any spells.

Dungeon Overview and Level Annotations

Branches:
Dungeon (15/15)            Temple (0/1) D:5            Lair (8/8) D:11
  Swamp (4/4) Lair:6       Spider (4/4) Lair:3        Slime (0/6) Lair:7
    Orc (2/2) D:12            Elf (3/3) Orc:2        Vaults (4/5) D:13
 Depths (0/5) D:15
  Crypt: Vaults:2-3

Altars:
Ashenzari
Dithmenos
Elyvilon
Fedhas
Gozag
Kikubaaqudgha
Makhleb
Qazlal
Ru
Sif Muna
Vehumet
Xom
Yredelemnul
The Shining One
Beogh
Jiyva

Shops:
D:4 [   D:12 *   D:15 *   Orc:2 (%*[:[=?*

Portals:
Pandemonium: Orc:2
Trove: Elf:2 (give +3 storm dragon armour)

Annotations:
Lair:8 1 runed door


Innate Abilities, Weirdness & Mutations

You reflexively headbutt those who attack you in melee.
You have a pair of horns on your head.
You are mostly covered in large bone plates (AC +3, SH +3).
Scrolls take you a little longer to read.
You possess an exceptional clarity of mind.
You are clumsy. (Dex -2)
Your magical capacity is low (-10% MP).
You occasionally shout uncontrollably at your foes.
Your muscles are strong. (Str +2)


Message History

The centaur warrior hits you but does no damage.
The yaktaur captain shoots a bolt.
The bolt completely misses you.
The two-headed ogre shouts in stereo!
You puncture the giant orange brain! You drain the giant orange brain!
You kill the giant orange brain!
Trog accepts your kill.
The ogre mage dissolves into shadows!
The ogre dissolves into shadows!
The two-headed ogre dissolves into shadows! x2
The ogre dissolves into shadows!
You impale the centaur warrior!! You headbutt the centaur warrior!
The centaur warrior is heavily wounded.
The centaur warrior hits you but does no damage.
You impale the centaur warrior!! You drain the centaur warrior!
Your headbutt misses the centaur warrior.
The centaur warrior is almost dead.
You impale the centaur warrior!!
You kill the centaur warrior!
Trog accepts your kill.
The yaktaur captain shoots a bolt.
The bolt hits you!
You die...

....(.c......(...#..<....#
.....(...........#.......#
.....(...........#.......#
....(..........(.+.......#
##+#########.(...#.......#
....# #....(#.......#
....# #....(#.......#
....# #..c)†#########
....# #....@# ....#
#.....# ....# #.....#
##### #.....# #### #.....#
#... #.....###########
#... ########
#....('.........# #...
#......# #.....#.........#
#.>. # #......#
#.....#.........# #...


You could see a yaktaur captain.

Vanquished Creatures
  Mara (Swamp:3)
  the Lernaean hydra (Swamp:4)
  The ghost of nikopol the Phalangite, an adept MiBe of Trog (Elf:3)
  A tentacled monstrosity (Swamp:4)
  3 deep elf blademasters (Elf:3)
  Gastronok (D:11)
  Kirke (Swamp:1)
  A thorn hunter (Swamp:1)
  2 sphinxes
  A tengu reaver (Vaults:2)
  A fire giant (Vaults:3)
  Donald (Swamp:3)
  Aizul (Swamp:1)
  8 vault wardens
  3 ghost moths (Spider:4)
  7 emperor scorpions
  8 deep elf sorcerers
  6 deep elf elementalists
  3 stone giants
  4 ironheart preservers
  2 deep elf demonologists (Elf:3)
  A very ugly thing (Swamp:4)
  Nessos (Lair:7)
  2 salamander stormcallers
  4 deep elf annihilators (Elf:3)
  8 fire dragons
  6 deep elf death magi
  10 vault guards
  An ettin (D:15)
  9 yaktaur captains
  A great orb of eyes (Vaults:1)
  2 deep elf high priests (Elf:3)
  Erolcha (Volcano)
  An ice dragon (Lair:4)
  32 hydras
  3 ghost crabs
  Erica (D:9)
  7 centaur warriors
  A deep troll shaman (Vaults:3)
  14 alligators
  4 ogre magi
  A tengu warrior (D:15)
  A death knight (D:14)
  26 dancing weapons
  7 orc high priests (Orc:2)
  24 deep elf knights
  10 spriggans
  A sun demon (Orc:2)
  A fire crab (Lair:7)
  5 skeletal warriors
  A sea snake (shapeshifter) (Vaults:2)
  A flayed ghost (Vaults:3)
  2 spriggan druids
  2 large abominations (Elf:1)
  5 wizards
  2 deep trolls (Vaults:3)
  2 phantasmal warriors
  3 unseen horrors
  16 swamp dragons
  8 deep elf archers
  A giant orange brain (Vaults:2)
  15 orc knights
  2 lindwurms
  7 harpies
  12 ironbrand convokers
  8 hill giants
  3 putrid demonspawn (Orc:2)
  A harpy (shapeshifter) (Vaults:2)
  3 necromancers
  2 stone giant zombies (Vaults:3)
  6 griffons
  A mana viper (shapeshifter) (Vaults:2)
  10 orb spiders
  5 cyclopes
  24 wolf spiders
  49 deep elf magi
  12 hornets
  6 manticores
  A hornet (shapeshifter) (Vaults:4)
  14 ugly things
  15 elephants
  12 orc sorcerers
  8 black mambas
  A sixfirhy (Orc:2)
  7 vault sentinels
  3 centaur zombies
  A black mamba (shapeshifter) (Vaults:3)
  A stone giant skeleton (Vaults:3)
  A spiny frog (shapeshifter) (Vaults:1)
  4 centaur skeletons
  22 spiny frogs
  3 gargoyles
  15 komodo dragons
  7 torpor snails
  An orange demon (Orc:2)
  5 kobold demonologists
  13 demonic crawlers
  5 rime drakes
  7 freezing wraiths
  43 yaktaurs
  A yaktaur skeleton (Vaults:3)
  A red devil (Orc:2)
  A tengu conjurer (D:15)
  A queen bee (shapeshifter) (D:15)
  A queen bee (Lair:7)
  25 jumping spiders
  A merfolk (shapeshifter) (Vaults:1)
  7 trolls
  8 giant leeches
  11 two-headed ogres
  5 boulder beetles
  8 bog bodies
  11 slime creatures
  12 blink frogs
  A harpy skeleton (D:15)
  4 air elementals
  36 redbacks
  3 water elementals
  4 shadows
  A wraith (D:14)
  13 yaks
  2 vampires
  31 tarantellas
  2 wyverns
  2 ettin skeletons (Vaults:3)
  A golden eye (shapeshifter) (Vaults:1)
  A hog (shapeshifter) (Vaults:3)
  7 hogs (Swamp:1)
  A hill giant zombie (D:12)
  5 fire elementals
  3 steam dragons
  7 basilisks
  3 hungry ghosts
  3 neqoxecs (Orc:2)
  13 hippogriffs
  3 mottled dragons
  11 insubstantial wisps
  37 vampire mosquitoes
  30 swamp worms
  5 wargs
  A soldier ant (D:8)
  11 water moccasins
  11 porcupines
  The ghost of Multipenetrator the Conjurer, an amateur VSCj (D:6)
  3 sky beasts
  24 wasps
  3 ice beasts
  4 hell hounds
  37 orc warriors
  16 swamp drakes
  A black bear (Lair:3)
  4 eyes of draining
  An ice beast (shapeshifter) (Vaults:1)
  20 ogres
  2 phantoms
  12 wolves
  A centaur (shapeshifter) (Vaults:1)
  29 centaurs
  17 crocodiles
  10 big kobolds
  An elf zombie (Elf:1)
  22 giant frogs
  A gnoll sergeant (D:12)
  2 earth elementals
  An ogre simulacrum (Vaults:1)
  A wyvern skeleton (D:13)
  4 scorpions
  A water moccasin skeleton (D:9)
  31 killer bees
  3 troll zombies (D:12)
  10 wights
  4 electric eels
  3 howler monkeys (D:14)
  5 lava snakes (Volcano)
  4 giant frog zombies
  A human simulacrum (Vaults:1)
  A quasit (D:14)
  12 crimson imps
  5 jellies
  5 hounds
  25 orc priests
  14 iguanas
  Ijyb (D:2)
  An iguana (shapeshifter) (Vaults:1)
  7 worker ants
  18 orc wizards
  34 sheep
  4 ogre zombies (D:12)
  A hound skeleton (D:9)
  A worker ant zombie (D:11)
  6 gnolls
  16 adders
  2 howler monkey skeletons
  59 river rats
  3 shadow imps
  3 white imps (Lair:4)
  9 oozes
  2 adder skeletons
  36 worms
  4 dart slugs
  A giant gecko (shapeshifter) (Vaults:1)
  2 giant geckos
  80 orcs
  3 ball pythons
  6 giant cockroaches
  7 hobgoblins
  2 quokkas
  4 bats
  A giant gecko skeleton (D:8)
  A giant gecko zombie (D:5)
  3 giant newts
  14 goblins
  A goblin skeleton (D:12)
  A goblin zombie (D:12)
  A hobgoblin skeleton (D:12)
  2 hobgoblin zombies (D:12)
  34 kobolds
  2 orc skeletons (D:12)
  17 orc zombies (D:12)
  A quokka skeleton (D:9)
  10 rats
  5 bushes
  3 crawling corpses (Elf:3)
  5 fungi
  12 plants
1751 creatures vanquished.

Vanquished Creatures (others)
  A deep elf master archer (Elf:3)
  A thorn hunter (Swamp:4)
  2 deep elf high priests (Elf:3)
  A yaktaur captain (Vaults:4)
  A centaur warrior (Vaults:1)
  A deep elf knight (Elf:2)
  2 deep elf archers
  A deep elf mage (Elf:1)
  A manticore (Elf:3)
  A cyclops (Vaults:1)
  5 yaktaurs
  A giant leech (Swamp:4)
  A redback (Spider:4)
  2 orc warriors
  A centaur (Vaults:1)
  An orc priest (Orc:2)
  A briar patch (Swamp:1)
  A crawling corpse (Elf:3)
  15 fungi
  13 plants
53 creatures vanquished.

Grand Total: 1804 creatures vanquished

Notes
Turn   | Place    | Note
--------------------------------------------------------------
     0 | D:1      | nikopol the Minotaur Berserker began the quest for the Orb.
     0 | D:1      | Reached XP level 1. HP: 19/19 MP: 0/0
   115 | D:1      | Reached XP level 2. HP: 21/27 MP: 1/1
   716 | D:1      | Reached XP level 3. HP: 33/33 MP: 2/2
   776 | D:1      | Reached ** piety under Trog
   836 | D:2      | Noticed Ijyb
   843 | D:2      | Killed Ijyb
   843 | D:2      | Reached skill level 4 in Polearms
  1058 | D:2      | Reached XP level 4. HP: 37/41 MP: 3/3
  1114 | D:2      | Found a blossoming altar of Fedhas.
  1809 | D:3      | Reached XP level 5. HP: 37/47 MP: 4/4
  1837 | D:3      | Reached skill level 5 in Fighting
  1843 | D:3      | Reached *** piety under Trog
  1988 | D:3      | Found a basalt altar of Yredelemnul.
  2149 | D:3      | Found a shadowy altar of Dithmenos.
  2149 | D:3      | Found an ancient bone altar of Kikubaaqudgha.
  2150 | D:3      | Found a sacrificial altar of Ru.
  2363 | D:3      | Found a shattered altar of Ashenzari.
  2365 | D:3      | Found a white marble altar of Elyvilon.
  2384 | D:3      | Found a glowing golden altar of the Shining One.
  2388 | D:3      | Found a stormy altar of Qazlal.
  2543 | D:4      | Found Itaiqa's Armour Emporium.
  2824 | D:4      | Found a shimmering altar of Xom.
  2839 | D:4      | Reached skill level 5 in Polearms
  2839 | D:4      | Reached XP level 6. HP: 53/56 MP: 5/5
  3159 | D:5      | Entered Level 5 of the Dungeon
  3424 | D:5      | Found a glowing drain.
  3431 | Sewer    | Entered a sewer
  3451 | Sewer    | Reached skill level 5 in Armour
  3520 | Sewer    | Reached XP level 7. HP: 62/62 MP: 6/6
  3654 | Sewer    | Reached **** piety under Trog
  3816 | Sewer    | Reached skill level 6 in Polearms
  3874 | Sewer    | Reached skill level 5 in Dodging
  4032 | Sewer    | Reached XP level 8. HP: 71/71 MP: 7/7
  4181 | D:5      | Found a staircase to the Ecumenical Temple.
  4459 | D:5      | Reached skill level 7 in Polearms
  4631 | D:6      | Noticed Multipenetrator's ghost (amateur VSCj)
  4639 | D:6      | Killed Multipenetrator's ghost
  4639 | D:6      | Reached skill level 1 in Bows
  4821 | D:6      | Found a radiant altar of Vehumet.
  4824 | D:6      | Got an ichor-stained spear
  4853 | D:6      | Identified the +12 spear of Distraction {drain, -Tele rN++ Dex+3} (You found it on level 6 of the Dungeon)
  5043 | D:6      | Reached XP level 9. HP: 77/81 MP: 8/8
  5060 | D:6      | Found an opulent altar of Gozag.
  5109 | D:6      | Reached skill level 8 in Polearms
  5194 | D:7      | Got an ichor-stained ring mail
  5205 | D:7      | Identified the +1 ring mail of Whack-A-Mole {rN+ Regen+ Str-3 Int+3} (You found it on level 7 of the Dungeon)
  5455 | D:7      | Found a deep blue altar of Sif Muna.
  5512 | D:7      | Found a stormy altar of Qazlal.
  5628 | D:7      | Got a bloodstained ring mail
  5639 | D:7      | Identified the cursed +1 ring mail of the Hanged Man {rElec rF- rN+ Int+5} (You found it on level 7 of the Dungeon)
  5675 | D:7      | Found a burning altar of Makhleb.
  5919 | D:4      | Bought the +2 hat "Toodghir" {+Inv rCorr MP+9 Stlth-} for 322 gold pieces
  6422 | D:9      | Found an opulent altar of Gozag.
  6451 | D:9      | Noticed a troll
  6457 | D:9      | Killed a troll
  6457 | D:9      | Reached skill level 9 in Polearms
  6465 | D:9      | Reached skill level 5 in Bows
  6468 | D:9      | Reached ***** piety under Trog
  6485 | D:9      | Reached XP level 10. HP: 90/90 MP: 9/9
  6775 | D:9      | Reached skill level 10 in Polearms
  6805 | D:9      | Noticed Erica
  6816 | D:9      | Killed Erica
  7004 | D:10     | Entered Level 10 of the Dungeon
  7129 | D:10     | Noticed a cyclops
  7142 | D:10     | Killed a cyclops
  7915 | D:11     | Received a gift from Trog
  7951 | D:11     | Found a staircase to the Lair.
  7951 | D:11     | Noticed Gastronok
  7983 | D:11     | Killed Gastronok
  7983 | D:11     | Reached skill level 11 in Polearms
  7983 | D:11     | Reached XP level 11. HP: 99/99 MP: 10/10
  8135 | D:11     | Got a spiked leather armour
  8146 | D:11     | Identified the +1 leather armour of Caadaf {Str+4} (You found it on level 11 of the Dungeon)
  8240 | D:11     | Found a sacrificial altar of Ru.
  8240 | D:11     | Noticed a purple ugly thing
  8249 | D:11     | Killed a purple ugly thing
  8249 | D:11     | Reached skill level 10 in Fighting
  8636 | Lair:1   | Entered Level 1 of the Lair of Beasts
  8943 | Lair:1   | Received a gift from Trog
  9466 | Lair:2   | Reached skill level 12 in Polearms
  9715 | Lair:2   | Noticed a four-headed hydra
  9723 | Lair:2   | Killed a four-headed hydra
  9723 | Lair:2   | Reached skill level 10 in Armour
 10456 | Lair:3   | Found a hole to the Spider Nest.
 10465 | Lair:3   | Reached XP level 12. HP: 107/107 MP: 11/11
 10863 | Lair:3   | Received a gift from Trog
 10863 | Lair:3   | Reached skill level 10 in Bows
 11023 | Lair:3   | Reached skill level 13 in Polearms
 11395 | Lair:4   | Reached skill level 10 in Dodging
 11439 | Lair:4   | Reached ****** piety under Trog
 11444 | Lair:4   | Noticed a four-headed hydra
 11454 | Lair:4   | Killed a four-headed hydra
 11480 | Lair:4   | Received a gift from Trog
 11607 | Lair:4   | Noticed an ice dragon
 11621 | Lair:4   | Killed an ice dragon
 11785 | Lair:4   | Noticed a seven-headed hydra
 11792 | Lair:4   | Killed a seven-headed hydra
 12290 | Lair:4   | Noticed an eight-headed hydra
 12297 | Lair:4   | Killed an eight-headed hydra
 12662 | Lair:5   | Found a dark tunnel.
 12670 | Lair:5   | Reached XP level 13. HP: 101/116 MP: 12/12
 12677 | Volcano  | Entered a volcano
 12795 | Volcano  | Found a bloodstained altar of Trog.
 12795 | Volcano  | Noticed Erolcha
 12800 | Volcano  | Killed Erolcha
 12800 | Volcano  | Reached skill level 14 in Polearms
 13112 | Lair:5   | Received a gift from Trog
 14132 | Lair:6   | Received a gift from Trog
 14789 | Lair:6   | Found a staircase to the Swamp.
 15109 | Lair:7   | Reached skill level 15 in Polearms
 15185 | Lair:7   | Received a gift from Trog
 15397 | Lair:7   | Noticed Nessos
 15578 | Lair:7   | Killed Nessos
 15910 | Lair:7   | Found a staircase to the Slime Pits.
 15911 | Lair:7   | Found a viscous altar of Jiyva.
 16101 | Lair:7   | Reached XP level 14. HP: 126/126 MP: 13/13
 16492 | Lair:8   | Entered Level 8 of the Lair of Beasts
 16677 | Lair:8   | Received a gift from Trog
 17704 | Lair:8   | Found a runed door.
 17714 | Lair:8   | Received a gift from Trog
 17782 | Lair:8   | Identified a scroll of acquirement
 18533 | D:12     | Found a staircase to the Orcish Mines.
 18637 | D:12     | Reached skill level 16 in Polearms
 18885 | D:12     | Found Riveziah's General Store.
 19439 | Orc:1    | Entered Level 1 of the Orcish Mines
 19540 | Orc:1    | Received a gift from Trog
 19754 | Orc:1    | Found a roughly hewn altar of Beogh.
 19775 | Orc:1    | Received a gift from Trog
 20079 | Orc:2    | Entered Level 2 of the Orcish Mines
 20079 | Orc:2    | Found Gunalim's Food Boutique.
 20249 | Orc:1    | Received a gift from Trog
 20356 | Orc:2    | Received a gift from Trog
 20363 | Orc:2    | Found a staircase to the Elven Halls.
 20401 | Orc:2    | Found Fustraoko's Antique Armour Boutique.
 20500 | Orc:2    | Found Sicex's Magic Scroll Shoppe.
 20502 | Orc:2    | Found Weragav's General Store.
 20523 | Orc:2    | Gained mutation: You are clumsy. (Dex -2) [a neqoxec]
 20524 | Orc:2    | Gained mutation: You occasionally shout uncontrollably at your foes. [a neqoxec]
 20535 | Orc:2    | Received a gift from Trog
 20710 | Orc:2    | Gained mutation: Your magical capacity is low (-10% MP). [a neqoxec]
 20711 | Orc:2    | Gained mutation: Scrolls take you a little longer to read. [a neqoxec]
 21020 | Orc:2    | Reached XP level 15. HP: 68/134 MP: 12/12
 21158 | Orc:2    | Found Xuatados's Antique Armour Boutique.
 21158 | Orc:2    | Found a one-way gate leading to the halls of Pandemonium.
 21158 | Orc:2    | Found Voampump's Book Shop.
 21217 | Orc:2    | Found Gatit's Jewellery Boutique.
 21240 | Orc:2    | Found Gaefani's General Store.
 21270 | Orc:2    | Received a gift from Trog
 21286 | Orc:2    | Found Nidar's Antique Weapon Shoppe.
 21880 | D:13     | Reached skill level 17 in Polearms
 22827 | D:13     | Found a gate to the Vaults.
 23621 | D:14     | Received a gift from Trog
 24296 | D:15     | Entered Level 15 of the Dungeon
 25078 | D:15     | Found a staircase to the Depths.
 25124 | D:15     | Found Hugeoz's Demolitions Depot.
 25286 | D:15     | Received a gift from Trog
 25552 | D:15     | Received a gift from Trog
 25570 | D:15     | Reached skill level 15 in Bows
 25948 | D:15     | Reached XP level 16. HP: 114/145 MP: 13/13
 26444 | Swamp:1  | Entered Level 1 of the Swamp
 26458 | Swamp:1  | Noticed Kirke
 26489 | Swamp:1  | Reached skill level 18 in Polearms
 26502 | Swamp:1  | Killed Kirke
 26639 | Swamp:1  | Noticed Aizul
 26670 | Swamp:1  | Killed Aizul
 27031 | Swamp:1  | Noticed a thorn hunter
 27054 | Swamp:1  | Killed a thorn hunter
 28074 | Swamp:2  | Received a gift from Trog
 28557 | Swamp:2  | Received a gift from Trog
 30023 | Swamp:3  | Noticed Mara
 30032 | Swamp:3  | Noticed nikopol's illusion
 30037 | Swamp:3  | Killed Mara
 30294 | Swamp:3  | Noticed Donald
 30310 | Swamp:3  | Killed Donald
 30310 | Swamp:3  | Reached skill level 19 in Polearms
 30312 | Swamp:3  | Got a bloodstained shield {Donald}
 30330 | Swamp:3  | Gained mutation: You possess an exceptional clarity of mind. [potion of beneficial mutation]
 30331 | Swamp:3  | Gained mutation: You are partially covered in large bone plates (AC +2, SH +2). [potion of beneficial mutation]
 30332 | Swamp:3  | Gained mutation: Your muscles are strong. (Str +2) [potion of beneficial mutation]
 30333 | Swamp:3  | Gained mutation: You are mostly covered in large bone plates (AC +3, SH +3). [potion of beneficial mutation]
 30339 | Swamp:3  | Identified the +4 shield of Maeb {rElec rF+ Stlth-} (You took it off Donald on level 3 of the Swamp)
 30624 | Swamp:4  | Entered Level 4 of the Swamp
 30629 | Swamp:4  | Reached XP level 17. HP: 154/154 MP: 14/14
 30645 | Swamp:4  | Reached skill level 1 in Shields
 30774 | Swamp:4  | Noticed a tentacled monstrosity
 30794 | Swamp:4  | Killed a tentacled monstrosity
 31156 | Swamp:4  | Noticed the 27-headed Lernaean hydra
 31168 | Swamp:4  | Killed the 27-headed Lernaean hydra
 31181 | Swamp:4  | Received a gift from Trog
 31191 | Swamp:4  | Reached skill level 15 in Armour
 31344 | Swamp:4  | Reached skill level 5 in Shields
 31356 | Swamp:4  | Got a decaying rune of Zot
 31739 | Swamp:4  | Received a gift from Trog
 32092 | Spider:1 | Entered Level 1 of the Spider Nest
 32112 | Spider:1 | Received a gift from Trog
 32123 | Spider:1 | Reached skill level 15 in Fighting
 32139 | Spider:1 | Got a twisted hat
 32150 | Spider:1 | Identified the +5 hat of the Blacksmith {rF- rC++ rN+ Str+3} (You acquired it on level 1 of the Spider Nest)
 33041 | Spider:2 | Got an ichor-stained scale mail
 33052 | Spider:2 | Identified the +5 scale mail of Murghoce {+Inv} (You found it on level 2 of the Spider Nest)
 33549 | Spider:2 | Got an iridescent broad axe
 33550 | Spider:2 | Identified the +9 broad axe of Neazud {venom, Int+3} (You found it on level 2 of the Spider Nest)
 33727 | Spider:2 | Reached skill level 20 in Polearms
 33801 | Spider:2 | Received a gift from Trog
 33876 | Spider:3 | Got a twisted bardiche
 34178 | Spider:3 | Received a gift from Trog
 34813 | Spider:4 | Entered Level 4 of the Spider Nest
 34850 | Spider:4 | Reached XP level 18. HP: 142/163 MP: 15/15
 35330 | Spider:4 | Received a gift from Trog
 36278 | Spider:4 | Got a gossamer rune of Zot
 36333 | Spider:4 | Reached skill level 10 in Shields
 36393 | Spider:4 | Identified the +1 bardiche "Fupudoy" {vamp, rN+ Int+7} (You found it on level 3 of the Spider Nest)
 36587 | Elf:1    | Entered Level 1 of the Elven Halls
 36795 | Elf:1    | Received a gift from Trog
 37955 | Elf:1    | Received a gift from Trog
 38056 | Elf:2    | Found a portal to a secret trove of treasure.
 38180 | Elf:2    | Received a gift from Trog
 38282 | Elf:2    | Found a runed gate.
 38282 | Elf:2    | Found a runed gate.
 38284 | Elf:2    | Found a runed gate.
 38890 | Elf:2    | Reached XP level 19. HP: 133/172 MP: 16/16
 39284 | Elf:2    | Reached skill level 21 in Polearms
 39509 | Elf:3    | Entered Level 3 of the Elven Halls
 39523 | Elf:3    | Noticed nikopol's ghost (adept MiBe)
 39590 | Elf:3    | Killed nikopol's ghost
 40132 | Elf:3    | Received a gift from Trog
 40930 | Elf:3    | Got a dazzling scale mail
 41333 | Elf:3    | Identified the +8 scale mail of Ydinnate {rC+ Str+7} (You took it off a deep elf high priest on level 3 of the Elven Halls)
 41349 | Elf:3    | Got a bloodstained plate armour
 41368 | Elf:3    | Identified the +8 plate armour of the Bagpipe {MR- rCorr SInv} (You took it off a deep elf blademaster on level 3 of the Elven Halls)
 41664 | Elf:3    | Got a glittering marble ring
 41770 | Elf:3    | Received a gift from Trog
 41887 | Elf:3    | Identified the ring "Jaqi" {Fire rPois} (You took it off a deep elf elementalist on level 3 of the Elven Halls)
 42218 | Vaults:1 | Entered Level 1 of the Vaults
 42661 | Vaults:1 | Reached XP level 20. HP: 184/184 MP: 17/17
 42905 | Vaults:1 | Got a scorched shield
 42912 | Vaults:1 | Identified the +4 shield of Ufeq {Dex+3} (You acquired it on level 1 of the Vaults)
 43448 | Vaults:1 | Received a gift from Trog
 43934 | Vaults:1 | Got a scorched shortbow {god gift}
 43938 | Vaults:1 | Identified the +3 shortbow "Denel" {flame, Fragile +Inv rF+++} (Trog gifted it to you on level 1 of the Vaults)
 44251 | Vaults:2 | Reached skill level 15 in Shields
 44382 | Vaults:2 | You fall through a shaft for 2 floors!
 44848 | Vaults:4 | Received a gift from Trog
 45924 | Vaults:3 | Reached skill level 22 in Polearms
 46359 | Vaults:3 | Reached XP level 21. HP: 194/194 MP: 17/17
 46904 | Vaults:2 | Received a gift from Trog
 47396 | Vaults:2 | HP: 7/291 [yaktaur captain/bolt (24)]
 47404 | Vaults:2 | HP: 8/291 [poisoned by an elephant (poison gas)]
 47408 | Vaults:2 | Shot with a bolt by a yaktaur captain

Skill      XL: |  1  2  3  4  5  6  7  8  9 10 11 12 13 14 15 16 17 18 19 20 21 |
---------------+----------------------------------------------------------------+-----
Armour         | 3 4 5 6 7 8 9 10 11 12 13 14 15 16 17 18 | 18.4
Fighting       | 4 5 6 7 8 9 10 11 12 13 14 15 16 17 18 | 18.2
Polearms       | 4 5 6 7 9 11 12 13 15 16 17 19 20 21 22 | 22.2
Dodging        | 3 4 5 6 7 8 9 10 11 12 13 14 | 14.5
Bows           | 2 5 8 9 11 12 13 15 16 17 18 | 18.1
Shields        | 8 12 14 15 | 15.6

Action                   |  1- 3 |  4- 6 |  7- 9 | 10-12 | 13-15 | 16-18 | 19-21 || total
-------------------------+-------+-------+-------+-------+-------+-------+-------++-------
Melee: Spear             |    71 |   171 |   244 |   429 |  1415 |  1795 |  1246 ||  5371
       Headbutt          |     7 |    17 |    37 |    97 |   347 |   480 |   343 ||  1328
       Longbow           |       |       |       |       |     2 |       |       ||     2
 Fire: Shortbow          |       |       |    84 |   384 |   171 |       |       ||   639
       Longbow           |       |       |       |       |   660 |   307 |   362 ||  1329
Invok: Berserk           |       |       |     2 |     1 |     6 |     6 |     4 ||    19
       Burn Spellbooks   |       |       |     1 |     2 |     3 |     6 |     3 ||    15
       Brothers in Arms  |       |       |       |       |     1 |       |       ||     1
       Trog's Hand       |       |       |       |       |       |     1 |       ||     1
  Use: Scroll            |       |       |     8 |    14 |     2 |    20 |     6 ||    50
       Potion            |       |       |       |       |       |     7 |       ||     7
 Stab: Sleeping          |     3 |     1 |       |       |       |       |       ||     4
       Confused          |       |       |       |       |       |     1 |       ||     1
       Distracted        |       |       |       |       |       |     1 |       ||     1
  Eat: Chunk             |       |     8 |    12 |    21 |    48 |    36 |    27 ||   152
       Beef jerky        |       |       |       |       |     1 |     7 |     2 ||    10
       Fruit             |       |       |       |       |       |     1 |       ||     1
       Pizza             |       |       |       |       |       |       |     1 ||     1
Armor: Animal skin       |     6 |     6 |       |       |       |       |       ||    12
       Ring mail         |       |    15 |    43 |    65 |   198 |       |       ||   321
       Plate armour      |       |       |       |       |   185 |   357 |   232 ||   774
       Scale mail        |       |       |       |       |       |   180 |    70 ||   250
Dodge: Dodged            |    19 |    62 |    76 |   171 |   682 |   619 |   359 ||  1988
Block: Other             |       |       |       |       |       |    99 |   158 ||   257
       Shield            |       |       |       |       |       |   927 |   309 ||  1236
       Reflection        |       |       |       |       |       |    20 |    86 ||   106
